 Dungeon Crawl Stone Soup version 0.30.0 (webtiles) character file.

Game seed: 3732150378410111880

88 Exaltedone87 the Covered (level 4, -3/40 HPs)
             Began as an Armataur Fighter on May 6, 2023.
             Slain by a large abomination (27 damage)
             ... on level 1 of the Abyss.
             The game lasted 00:04:13 (2105 turns).

Exaltedone87 the Covered (Armataur Fighter)         Turns: 2105, Time: 00:04:14

Health: -3/40      AC:  8    Str: 22      XL:     4   Next: 30%
Magic:  4/4        EV:  7    Int:  7 (8)  God:
Gold:   238        SH:  4    Dex: 11      Spells: 3/3 levels left

rFire   . . .        a - +1 flail
rCold   . . .        c - +0 buckler
rNeg    . . .        b - +0 scale mail
rPois   .            e - +0 helmet
rElec   .            (no cloak)
rCorr   .            (no gloves)
SInv    .            (no barding)
Will    .....        l - amulet of magic regeneration Stlth
                     (no ring)
HPRegen 0.26/turn    (no ring)
MPRegen 0.49/turn

%: roll
@: no status effects
A: large, rugged brown scales 3, deformed body, armoured tail, roll, long
tongue, awkward tongue, deterioration 1
a: no special abilities


You were on level 1 of the Abyss.
You visited 1 branch of the dungeon, and saw 4 of its levels.
You visited the Abyss 1 time.

You collected 238 gold pieces.

Inventory:

Hand Weapons
 a - a +1 flail (weapon)
Missiles
 h - a throwing net (quivered)
Armour
 b - a +0 scale mail (worn)
 c - a +0 buckler (worn)
 e - a +0 helmet (worn)
Jewellery
 l - an amulet of magic regeneration (around neck)
Potions
 f - a potion of ambrosia {unknown}
 g - 3 potions of curing
 i - 2 potions of mutation {unknown}
 j - a potion of berserk rage {unknown}
 k - a potion of cancellation {unknown}
 m - a potion of brilliance


   Skills:
 + Level 3.0 Fighting
 * Level 2.8 Maces & Flails
 + Level 4.1 Armour
 + Level 1.0 Dodging
 + Level 3.8 Shields


You had 3 spell levels left.
You didn't know any spells.
Your spell library contained the following spells:

 Spells                   Type           Power      Damage    Failure   Level
 Freeze                   Ice            0%         1d3       82%         1
 Ensorcelled Hibernation  Hex/Ice        0%         N/A       91%         2
 Sublimation of Blood     Necr           0%         N/A       91%         2
 Wereblood                Tmut           0%         N/A       91%         2
 Frozen Ramparts          Ice            0%         1d1       99%         3
 Hailstorm                Conj/Ice       0%         3d3       99%         3
 Spider Form              Tmut/Pois      0%         N/A       99%         3
 Anguish                  Hex/Necr       0%         N/A       100%        4
 Summon Lightning Spire   Summ/Air       0%         N/A       100%        4
 Storm Form               Tmut/Air       0%         N/A       100%        7
 Summon Hydra             Summ           0%         N/A       100%        7
 Maxwell's Capacitive Co  Air            0%         ∞         100%        8


Dungeon Overview and Level Annotations

Branches:
Dungeon (4/15)
 Temple: D:4-7

Altars:
Zin

Annotations:
D:4 Grinder


Innate Abilities, Weirdness & Mutations

You are completely covered in rugged brown scales. (AC +3, +7% HP)
Armour fits poorly on your strangely shaped body.
You have a long armoured tail.
You roll when moving toward enemies. (Rampage)
Your long tongue fully drains potion bottles. (2x potion effects)
Your tongue gives you trouble enunciating. (1.5x scroll delay)
Your body sometimes deteriorates upon taking damage.


Message History

You roll towards Grinder!
You closely miss Grinder.
Grinder is heavily wounded.
Grinder blinks!
The kobold barely misses you.
Grinder blinks!
You block the kobold's attack. The kobold attacks as you move away!
The kobold hits you but does no damage. Space warps around you.
Grinder gestures at you. You resist with significant effort.
You sock Grinder!
Grinder is severely wounded.
The kobold hits you but does no damage.
Grinder says, "Wait up."
Grinder gestures at you. Pain shoots through your body!
The kobold hits you but does no damage.
You are cast into the Abyss!
This branch contains the abyssal rune of Zot.
You start resting.
You feel a little less mighty now.
A neqoxec comes into view.
The neqoxec shouts!
The neqoxec gestures at you.
Something tries to feed on your intellect!
The neqoxec gestures at you.
Something tries to feed on your intellect!
As you slowly read the scroll of fog, it crumbles to dust.
The scroll dissolves into smoke.
The neqoxec gestures at you.
Something tries to feed on your intellect!
The neqoxec gestures at you.
Strange energies course through your body.
You feel yourself wasting away. The neqoxec gestures at you.
You feel dopey. Something feeds on your intellect!
A large abomination comes into view.
A small abomination comes into view.
The small abomination hits you! The large abomination hits you!!
Ouch! That really hurt!
You die...

#~~. #~≈~#
#≈.#.# #.#...
## #.....##.#
##
#.....#..##.#
#.##.#x.##.#
#.....@X#.##
###...3....#
##..#.#..#
#.##..##.#
##..#...#.. #
#.#......#..##
##..##.......
#..## ..#....
# .#####.##


You could see a large abomination, a neqoxec and a small abomination.

Vanquished Creatures
  2 adders (D:2)
  2 dart slugs
  3 ball pythons
  8 endoplasms
  2 giant cockroaches (D:2)
  4 goblins
  7 hobgoblins
  2 jackals (D:2)
  3 kobolds (D:2)
  5 quokkas
  6 bats
  5 frilled lizards
  12 rats
61 creatures vanquished.

Notes
Turn   | Place    | Note
-------+----------+-------------------------------------------
     0 | D:1      | Exaltedone87 the Armataur Fighter began the quest for the
                  | Orb.
     0 | D:1      | Reached XP level 1. HP: 19/19 MP: 1/1
   239 | D:1      | Reached XP level 2. HP: 26/26 MP: 2/2
   426 | D:1      | Reached XP level 3. HP: 30/32 MP: 3/3
   730 | D:2      | Reached skill level 4 in Armour
  1016 | D:2      | Reached XP level 4. HP: 39/40 MP: 4/4
  1069 | D:2      | Found a glowing silver altar of Zin.
  1174 | D:2      | Reached skill level 1 in Dodging
  1972 | D:4      | Noticed Grinder
  1978 | D:4      | Paralysed by Grinder for 4 turns
  1988 | Abyss:1  | Cast into level 1 of the Abyss (kobold)
  2074 | Abyss:1  | Noticed a neqoxec
  2088 | Abyss:1  | Gained mutation: Your body sometimes deteriorates upon
                  | taking damage. [a neqoxec]
  2096 | Abyss:1  | Noticed a large abomination
  2100 | Abyss:1  | Noticed a small abomination
  2105 | Abyss:1  | Slain by a large abomination

Illustrated notes

Levels and vault maps discovered:
D:1:      onia_arrival_pyramid, layout_rooms, minmay_door_square,
          minmay_misc_feat_encased
D:2:      layout_loops_ring, basic_altar, grunt_ministairs_4
D:3:      minmay_spotlight, layout_basic
D:4:      layout_rooms, minmay_temple_entry_drinking_statues, serial_shops,
          nicolae_stop_n_shop_1, shop, nicolae_diamond_shop, uniq_sigmund,
          uniq_eustachio, uniq_robin, uniq_grinder
Abyss:1:  base: D:3, minivault_4, bh_abyss_xom_lugonu_altar,
          gammafunk_abyss_exit_x_factor

Skill      XL: |  1  2  3  4 |
---------------+-------------+-----
Maces & Flails | 2 |  2.8
Armour         | 4 |  4.1
Fighting       | 3 |  3.0
Dodging        | 1 |  1.0
Shields        | |  3.8

Action                     |  1- 3 |  4- 6 || total
---------------------------+-------+-------++-------
  Melee: Flail             |   117 |    47 ||   164
         Tailslap          |     8 |       ||     8
    Use: Scroll            |     3 |     5 ||     8
         Potion            |       |     1 ||     1
 Armour: Scale mail        |    65 |    32 ||    97
  Dodge: Dodged            |    36 |    24 ||    60
  Block: Buckler           |    18 |    16 ||    34
